 Dungeon Crawl Stone Soup version 0.29.0-4-gdea44cf6ec (webtiles) character file.

Game seed: 14152955618780639006

38 qw the Chopper (level 3, -2/21 HPs)
             Began as a Tengu Warper on Aug 28, 2022.
             Slain by an adder (3 damage)
             ... on level 2 of the Dungeon.
             The game lasted 00:00:07 (1826 turns).

qw the Chopper (Tengu Warper)                       Turns: 1826, Time: 00:00:08

Health: -2/21      AC:  3    Str: 13    XL:     3   Next: 43%
Magic:  7/7        EV: 12    Int: 13    God:
Gold:   76         SH:  0    Dex: 13    Spells: 6/6 levels left

rFire   . . .      SeeInvis .   Y - +0 hand axe
rCold   + . .      Faith    .   (no shield)
rNeg    . . .      Spirit   .   b - +0 leather armour
rPois   .          Reflect  .   (helmet restricted)
rElec   .          Harm     .   (no cloak)
rCorr   .          Rampage  .   (no gloves)
Will    .....                   (boots unavailable)
Stlth   +.........              (no amulet)
HPRegen 0.07/turn               j - ring of protection from cold
MPRegen 0.10/turn               (no ring)

@: lethally poisoned (-2 -> -6)
A: beak, talons 3
a: no special abilities


You were on level 2 of the Dungeon.
You visited 1 branch of the dungeon, and saw 2 of its levels.

You collected 76 gold pieces.


Innate Abilities, Weirdness & Mutations

You have a beak for a mouth.
You have claws for feet.


   Skills:
 - Level 2.0 Fighting
 + Level 4.1 Axes
 - Level 1.0 Throwing
 - Level 1.1 Armour
 - Level 2.1 Dodging
 - Level 2.0 Spellcasting
 - Level 2.4 Translocations


You had 6 spell levels left.
You didn't know any spells.
Your spell library contained the following spells:

 Spells                   Type           Power      Damage    Failure   Level
 Blink                    Tloc           14%        N/A       19%         2
 Gell's Gravitas          Tloc           7%         N/A       36%         3
 Lesser Beckoning         Tloc           7%         N/A       36%         3
 Teleport Other           Tloc           7%         N/A       36%         3
 Manifold Assault         Tloc           7%         N/A       98%         5

Inventory:

Hand Weapons
 a - a +0 whip
 Y - a +0 hand axe (weapon)
Missiles
 d - a boomerang of dispersal (quivered)
Armour
 b - a +0 leather armour (worn)
 e - the +0 robe "Toopaiza" {rC+ Will- MP+9 Str+4}
   (You found it on level 2 of the Dungeon)

   Str:       It affects your strength (+4).
   rC:        It protects you from cold.
   MP:        It affects your magic capacity (+9).
   Will:      It decreases your willpower.
Jewellery
 j - a ring of protection from cold (left hand)
Potions
 c - a potion of lignification {unknown}
 f - a potion of degeneration {unknown}
 h - a potion of haste

Dungeon Overview and Level Annotations

Branches:
Dungeon (2/15)

Altars:


Message History

The adder bites you.
You are poisoned.
The adder poisons you!
You miss the adder. You claw the adder.
The adder is severely wounded.
You feel sick. The adder misses you. The adder closely misses you.
You closely miss the adder. You peck the adder, but do no damage.
The adder is severely wounded.
You feel sick. The adder bites you.
You hit the adder but do no damage. Your kick misses the adder.
Your peck misses the adder.
The adder is severely wounded.
You feel sick. The adder barely misses you.
The adder bites you but does no damage.
You hit the adder. You claw the adder. Your peck misses the adder.
The adder is almost dead.
You feel sick. The adder bites you.
You miss the adder. Your kick misses the adder. Your peck misses the adder.
The adder is almost dead.
You feel sick. The adder barely misses you.
The adder bites you but does no damage.
You miss the adder. Your kick misses the adder.
The adder is severely wounded.
You feel sick.
You are no longer poisoned.
The adder barely misses you.
You closely miss the adder. Your kick misses the adder.
Your peck misses the adder.
The adder is severely wounded.
The adder barely misses you. The adder bites you.
You are lethally poisoned!
The adder poisons you!
You closely miss the adder. Your kick misses the adder.
Your peck misses the adder.
The adder is severely wounded.
You feel sick. The adder completely misses you.
You closely miss the adder. Your kick misses the adder.
The adder is severely wounded.
You feel sick. The adder bites you.
You die...

#.##.###...#### #..# #
#.##..........###..# #
#.######.......##..######
#.# #..###............
#.# #..# ##.##..######
#.# #..# #.....# #
#.######..# ####.##
#.......S.#######.#
########@.........#
############


You could see an adder.

Vanquished Creatures
  A dart slug (D:1)
  4 bats (D:1)
  4 endoplasms (D:1)
  2 giant cockroaches
  5 goblins
  A hobgoblin (D:1)
  2 jackals (D:2)
  A quokka (D:2)
  3 ball pythons
  5 kobolds
  2 rats
30 creatures vanquished.

Vanquished Creatures (others)
  A fungus (D:1)
  2 plants (D:1)
3 creatures vanquished.

Grand Total: 33 creatures vanquished

Notes
Turn   | Place    | Note
-------+----------+-------------------------------------------
     0 | D:1      | qw the Tengu Warper began the quest for the Orb.
     0 | D:1      | Reached XP level 1. HP: 12/12 MP: 4/4
     0 | D:1      | 0 ||| qw: Version: 0.1-a-89-g26bdef1
     0 | D:1      | 0 ||| qw: Game counter: 1211
     0 | D:1      | 0 ||| qw: Always use a shield: true
     0 | D:1      | 0 ||| qw: God list: Okawaru
     0 | D:1      | 0 ||| qw: Allow faded altars: false
     0 | D:1      | 0 ||| qw: Do Orc after D:15 true
     0 | D:1      | 0 ||| qw: Do second Lair branch before Depths: true
     0 | D:1      | 0 ||| qw: Lair rune preference: random
     0 | D:1      | 0 ||| qw: Plans: Normal
     0 | D:1      | 0 ||| PLANNING D:1-11
   237 | D:1      | 237 ||| Stepping ~*~*~tactically~*~*~ (hiding).
   339 | D:1      | 339 ||| Stepping ~*~*~tactically~*~*~ (hiding).
   525 | D:1      | Reached skill level 3 in Axes
   525 | D:1      | Reached XP level 2. HP: 12/17 MP: 6/6
   811 | D:1      | Found a faded altar of an unknown god.
  1299 | D:1      | Reached XP level 3. HP: 20/21 MP: 7/7
  1435 | D:1      | 1435 ||| Stepping ~*~*~tactically~*~*~ (stealth).
  1438 | D:1      | 1438 ||| Stepping ~*~*~tactically~*~*~ (stealth).
  1439 | D:1      | 1439 ||| Stepping ~*~*~tactically~*~*~ (stealth).
  1440 | D:1      | 1440 ||| Stepping ~*~*~tactically~*~*~ (stealth).
  1441 | D:1      | 1441 ||| Stepping ~*~*~tactically~*~*~ (stealth).
  1560 | D:1      | 1560 ||| DROPPING scarf of shadows.
  1561 | D:1      | 1561 ||| UPGRADING to ring of protection from cold.
  1562 | D:1      | 1562 ||| READING scroll labelled HEQUOZOLEB.
  1563 | D:1      | 1563 ||| READING scroll labelled ZAOCIV CEHOCI.
  1564 | D:1      | 1564 ||| READING scroll labelled SUUTOF SIGE.
  1567 | D:1      | 1567 ||| READING scroll labelled UTEYHU SIRO.
  1568 | D:1      | 1568 ||| READING scroll labelled PACHEGIRUMP.
  1569 | D:1      | 1569 ||| DRINKING 2 bubbling grey potions.
  1570 | D:1      | 1570 ||| DROPPING scroll of blinking.
  1611 | D:2      | 1611 ||| DROPPING +0 club.
  1629 | D:2      | Reached skill level 4 in Axes
  1790 | D:2      | 1790 ||| Stepping ~*~*~tactically~*~*~ (stealth).
  1806 | D:2      | Identified the +0 robe "Toopaiza" {rC+ Will- MP+9 Str+4}
  1824 | D:2      | HP: 4/21 [adder (4)]
  1826 | D:2      | HP: 1/21 [poisoned by an adder]
  1826 | D:2      | Slain by an adder

Levels and vault maps discovered:
D:1:      wheals_arrival_linesprint, layout_loops_corners,
          dreamdust_ecumenical_altar_grove, minmay_fountain_box
D:2:      layout_loops_ring

Skill      XL: |  1  2  3 |
---------------+----------+-----
Axes           | 3 4 |  4.1
Fighting       | |  2.0
Throwing       | |  1.0
Armour         | |  1.1
Dodging        | |  2.1
Spellcasting   | |  2.0
Translocations | |  2.4

Action                   || total
-------------------------++-------
Melee: Hand axe          ||    71
       Kick              ||    19
       Peck              ||    10
Throw: Boomerang         ||    10
  Use: Scroll            ||     5
       Potion            ||     1
Armor: Leather armour    ||    20
Dodge: Dodged            ||    26

Table legend:
 A = Non-vault XP
 B = Vault XP
 C = Vault XP percentage of total XP
 D = Non-vault monster count
 E = Vault monster count
 F = Vault count percentage of total count
                 A         B        C        D         E       F
            +---------+---------+-------+---------+---------+-------
      Total |      55 |       0 |   0.0 |      30 |       0 |   0.0
            +---------+---------+-------+---------+---------+-------
        D:1 |      39 |       0 |   0.0 |      21 |       0 |   0.0
        D:2 |      16 |       0 |   0.0 |       9 |       0 |   0.0
            +---------+---------+-------+---------+---------+-------
